 Dungeon Crawl Stone Soup version 0.22-a0-412-g2b68d144a4 (webtiles) character file.

6286 Kriby the Grappler (level 10, -8/102 HPs)
             Began as a Troll Monk on May 12, 2018.
             Was a High Priest of Okawaru.
             Mangled by a two-headed ogre
             ... wielding a +0 giant club
              (27 damage)
             ... on level 9 of the Dungeon.
             The game lasted 00:07:22 (6668 turns).

Kriby the Grappler (Troll Monk)                     Turns: 6668, Time: 00:07:22

Health: -8/102     AC:  9    Str: 23 (24) XL:     10   Next: 63%
Magic:  7/9        EV: 13    Int:  5 (6)  God:    Okawaru [*****.]
Gold:   570        SH: 12    Dex: 10 (12) Spells: 9/9 levels left

rFire    . . .     SeeInvis .     - Unarmed
rCold    + . .     Gourm    +   q - +0 shield
rNeg     . . .     Faith    .   B - +0 troll leather armour {Purgy}
rPois    +         Spirit   .   (helmet restricted)
rElec    .         Reflect  .   g - +0 cloak
rCorr    .         Harm     .   (gloves unavailable)
MR       .....                  (boots unavailable)
Stlth    +++.......             u - amulet of regeneration
HPRegen  1.47/turn              p - ring of poison resistance
MPRegen  0.11/turn              m - +1 ring of evasion

@: heroism
A: large, unfitting armour, claws 3, cold resistance 1, fast metabolism 3,
gourmand, regeneration 1, shaggy fur 1, tough skin 2
a: Heroism, Finesse, Renounce Religion


You were on level 9 of the Dungeon.
You worshipped Okawaru.
Okawaru was extremely pleased with you.
You were very full.

You visited 2 branches of the dungeon, and saw 10 of its levels.
You also visited: Sewer.

You collected 570 gold pieces.

Inventory:

Hand Weapons
 y - a +3 broad axe
Missiles
 E - 5 large rocks (quivered)
Armour
 a - a +0 robe
 g - a +0 cloak (worn)
 q - a +0 shield (worn)
 B - a +0 troll leather armour (worn) {Purgy}
Jewellery
 j - an uncursed ring of see invisible
 m - a +1 ring of evasion (right claw)
 p - a ring of poison resistance (left claw)
 s - an uncursed ring of fire {unknown}
 u - an amulet of regeneration (around neck)
 w - an uncursed ring of positive energy
Wands
 n - a wand of random effects (38)
Scrolls
 c - 3 scrolls of remove curse
 h - 5 scrolls of magic mapping
 i - 3 scrolls of amnesia
 k - a scroll of teleportation
 l - 3 scrolls of identify
 r - a scroll of enchant armour
 v - a scroll of acquirement {unknown}
Potions
 d - 2 potions of might
 e - 2 potions of curing
 o - 4 potions of haste
 t - a potion of ambrosia {unknown}
 x - a potion of heal wounds
 z - 4 potions of agility
Comestibles
 b - 15 rations
 f - 3 chunks of flesh


   Skills:
 + Level 7.2(12.2) Fighting
 - Level 2.4(7.4) Dodging
 - Level 1.0(6.0) Stealth
 * Level 6.8(11.8) Shields
 * Level 11.6(16.6) Unarmed Combat


You had 9 spell levels left.
You didn't know any spells.
Your spell library contained the following spells:

 Spells                   Type           Power        Failure   Level  Hunger
 Magic Dart               Conj           #...         52%         1    ##.....
 Conjure Flame            Conj/Fire      #.......     87%         3    ####...
 Slow                     Hex            #.......     65%         2    ###....
 Confuse                  Hex            #.......     87%         3    ####...
 Mephitic Cloud           Conj/Pois/Air  #.......     87%         3    ####...
 Blink                    Tloc           N/A          65%         2    ###....
 Call Imp                 Summ           #.......     65%         2    ###....
 Spider Form              Tmut/Pois      #.........   87%         3    ####...
 Blade Hands              Tmut           #.........   100%        5    ######.
 Ice Form                 Ice/Tmut       #.......     99%         4    #####..
 Confusing Touch          Hex            #.....       52%         1    ##.....
 Sticks to Snakes         Tmut           #.......     65%         2    ###....
 Metabolic Englaciation   Hex/Ice        #.........   100%        5    ######.
 Petrify                  Tmut/Erth      #.......     99%         4    #####..
 Beastly Appendage        Tmut           #.....       52%         1    ##.....
 Gell's Gravitas          Tloc           #.........   87%         3    ####...
 Yara's Violent Unravell  Hex/Tmut       #.........   100%        5    ######.


Dungeon Overview and Level Annotations

Branches:
Dungeon (9/15)             Temple (1/1) D:4            Lair (0/6) D:8
    Orc: D:9-12

Altars:
Ashenzari
Cheibriados
Dithmenos
Elyvilon
Fedhas
Gozag
Hepliaklqana
Kikubaaqudgha
Makhleb
Nemelex Xobeh
Okawaru
Qazlal
Ru
Sif Muna
Trog
Uskayaw
Vehumet
Wu Jian
Xom
Yredelemnul
Zin
The Shining One

Shops:
D:6 %

Annotations:
D:8 2 transporters


Innate Abilities, Weirdness & Mutations

You are too large for most types of armour.
You have claws for hands.
Your metabolism is lightning-fast.
You like to eat raw meat.
Your natural rate of healing is unusually fast.
You are covered in fur. (AC +1)
You have very tough skin. (AC +2)
Your flesh is cold resistant. (rC+)


Message History

You scratch the two-headed ogre but do no damage.
The two-headed ogre is lightly wounded.
There are monsters nearby!
You mangle the two-headed ogre!!
The two-headed ogre is severely wounded.
The two-headed ogre hits you with a giant club!!
The two-headed ogre hits you with a giant spiked club!
There are monsters nearby!
There are monsters nearby!
You are too injured to fight recklessly!
You gain the combat prowess of a mighty hero.
The two-headed ogre hits you with a giant club!!
* * * LOW HITPOINT WARNING * * *
The two-headed ogre barely misses you.
You claw the two-headed ogre!
The two-headed ogre is almost dead.
You scratch the two-headed ogre but do no damage.
The two-headed ogre is almost dead.
The two-headed ogre hits you with a giant club!!
You die...

#####.# #.@OoY#
##.####### ######
#.)....... #.....
#...>.....# #.....
#%....)...#####.....
#.........#...+.....
#...................
#.........##.###.###
#.........##.# #.# #


You could see a two-headed ogre, a sky beast and an orc.

Vanquished Creatures
  The ghost of Perturabo the Shield-Bearer, a novice FoFi (D:7)
  Psyche (D:8)
  A troll (D:8)
  Prince Ribbit (D:8)
  Eustachio (D:4)
  2 wyverns
  4 yaks (D:7)
  2 hungry ghosts
  Menkaure (D:7)
  A water moccasin (D:7)
  Duvessa (D:7)
  Purgy (Sewer)
  An orc warrior (D:7)
  A black bear (D:7)
  An ice beast (D:6)
  A phantom (D:4)
  5 ogres
  2 wolves (D:8)
  3 centaurs
  A big kobold (D:9)
  4 bullfrogs
  Dowan (D:7)
  A scorpion (D:4)
  5 killer bees (D:7)
  3 electric eels (D:8)
  A bullfrog zombie (D:6)
  2 crimson imps
  3 jellies
  6 hounds (D:8)
  7 orc wizards
  A bullfrog skeleton (D:8)
  6 orc priests
  2 gnoll shamans
  4 iguanas
  3 centaur skeletons
  Ijyb (D:3)
  Natasha (thrice) (D:3)
  3 worker ants
  A worker ant zombie (D:6)
  A howler monkey zombie (D:7)
  11 gnolls
  A howler monkey skeleton (D:7)
  10 adders
  A river rat (D:6)
  3 shadow imps
  An adder skeleton (D:5)
  4 worms
  3 dart slugs
  6 leopard geckos
  21 orcs
  2 giant cockroaches
  17 goblins
  7 hobgoblins
  2 jackals (D:2)
  8 kobolds
  2 quokkas
  7 bats
  2 frilled lizards
  A jackal skeleton (D:8)
  2 quokka skeletons
  10 rats
211 creatures vanquished.

Notes
Turn   | Place    | Note
-------+----------+-------------------------------------------
     0 | D:1      | Kriby the Troll Monk began the quest for the Orb.
     0 | D:1      | Reached XP level 1. HP: 22/22 MP: 0/0
   100 | D:1      | Reached XP level 2. HP: 29/29 MP: 1/1
   414 | D:1      | Reached XP level 3. HP: 36/36 MP: 2/2
   579 | D:2      | Reached skill level 4 in Unarmed Combat
   707 | D:2      | Found a blossoming altar of Fedhas.
   849 | D:2      | Reached XP level 4. HP: 18/45 MP: 3/3
   951 | D:3      | Noticed a dagger
   951 | D:3      | Noticed a hand axe
   952 | D:3      | Noticed Natasha
   953 | D:3      | Found a hide-covered altar of Uskayaw.
   959 | D:3      | Killed Natasha
  1133 | D:3      | Noticed Natasha
  1146 | D:3      | Killed Natasha
  1146 | D:3      | Reached skill level 5 in Unarmed Combat
  1146 | D:3      | Reached XP level 5. HP: 42/53 MP: 4/4
  1153 | D:3      | Noticed Ijyb
  1161 | D:3      | Killed Ijyb
  1179 | D:3      | Noticed Natasha
  1186 | D:3      | Killed Natasha
  1381 | D:3      | Reached XP level 6. HP: 51/62 MP: 5/5
  1710 | D:4      | Reached skill level 6 in Unarmed Combat
  2080 | D:4      | Noticed Eustachio
  2102 | D:4      | Killed Eustachio
  2102 | D:4      | Reached skill level 7 in Unarmed Combat
  2102 | D:4      | Reached XP level 7. HP: 43/71 MP: 6/6
  2256 | D:4      | Noticed a hungry ghost
  2278 | D:4      | Killed a hungry ghost
  2351 | D:4      | Reached skill level 5 in Fighting
  2351 | D:4      | Reached skill level 8 in Unarmed Combat
  2487 | D:4      | Found a staircase to the Ecumenical Temple.
  2812 | Temple   | Entered the Ecumenical Temple
  2900 | Temple   | Became a worshipper of Warmaster Okawaru
  2900 | Temple   | Reached * piety under Okawaru
  2900 | Temple   | Reached ** piety under Okawaru
  2962 | D:5      | Entered Level 5 of the Dungeon
  2976 | D:5      | Reached XP level 8. HP: 77/80 MP: 4/7
  3267 | D:5      | Found a stormy altar of Qazlal.
  3377 | D:5      | Reached skill level 1 in Shields
  3529 | D:5      | Found a sacrificial altar of Ru.
  3798 | D:6      | Found a sparkling altar of Nemelex Xobeh.
  3807 | D:6      | Reached skill level 9 in Unarmed Combat
  4083 | D:6      | Found a glowing drain.
  4087 | Sewer    | Entered a sewer
  4116 | Sewer    | Noticed Purgy
  4125 | Sewer    | Killed Purgy
  4125 | Sewer    | Reached *** piety under Okawaru
  4281 | D:6      | Found a shattered altar of Ashenzari.
  4306 | D:6      | Reached XP level 9. HP: 87/89 MP: 8/8
  4339 | D:6      | Found Poeseips's Food Shoppe.
  4749 | D:7      | Noticed Perturabo's ghost (novice FoFi)
  4774 | D:7      | Killed Perturabo's ghost
  4774 | D:7      | Reached **** piety under Okawaru
  4838 | D:7      | Noticed Duvessa
  4841 | D:7      | Noticed Dowan
  4853 | D:7      | Killed Duvessa
  4853 | D:7      | Reached skill level 10 in Unarmed Combat
  4857 | D:7      | Killed Dowan
  5087 | D:7      | Noticed Menkaure
  5092 | D:7      | Killed Menkaure
  5111 | D:7      | Reached skill level 5 in Shields
  5223 | D:7      | Found an iron altar of Okawaru.
  5353 | D:7      | Reached XP level 10. HP: 83/100 MP: 9/9
  5398 | D:7      | Found a sacrificial altar of Ru.
  5686 | D:8      | Found an ancient bone altar of Kikubaaqudgha.
  5699 | D:8      | Found an opulent altar of Gozag.
  5699 | D:8      | Noticed a centaur warrior
  5702 | D:8      | Found a transporter.
  5725 | D:8      | Found a transporter.
  5777 | D:8      | Reached skill level 11 in Unarmed Combat
  5795 | D:8      | Reached ***** piety under Okawaru
  5839 | D:8      | Noticed Psyche
  5855 | D:8      | Killed Psyche
  5868 | D:8      | Noticed Prince Ribbit
  5870 | D:8      | Killed Prince Ribbit
  5897 | D:8      | Gained mutation: You evolve. [potion of mutation]
  5897 | D:8      | Gained mutation: You are weak. (Str -2) [potion of mutation]
  5897 | D:8      | Gained mutation: Your flesh is cold resistant. (rC+) [potion of mutation]
  6002 | D:8      | Found a staircase to the Lair.
  6190 | D:8      | Found a shimmering altar of Xom.
  6353 | D:8      | Lost mutation: You are weak. (Str -2) [evolution]
  6353 | D:8      | Lost mutation: You evolve. [end of evolution]
  6444 | D:8      | Found a basalt altar of Yredelemnul.
  6566 | D:9      | Found a white marble altar of Elyvilon.
  6596 | D:9      | Found a deep blue altar of Sif Muna.
  6659 | D:9      | Noticed a two-headed ogre
  6668 | D:9      | Mangled by a two-headed ogre

Vault maps used:
D:1:      eino_arrival_cavern_b
D:2:      lemuel_crystal_altar
D:3:      kennysheep_the_goblin_king, dancing_weapons_uskayaw, minmay_cupped,
          uniq_natasha
D:4:      minmay_temple_entry_junction, first_ration, uniq_eustachio
D:5:      grunt_qazlal_clouds, lemuel_tele_altar
D:6:      kennysheep_mini_moat, serial_shops, nicolae_shop_crystal,
          gup_sewer_entry_bowl, eino_small_chamber_without_monster,
          cheibrodos_ashenzari_chains
D:7:      nicolae_ru_the_path_less_chosen, grunt_ministairs_2,
          okawaru_metal_pillars_3, uniq_menkaure, uniq_duvessa
D:8:      yredelemnul_altar_generic, gammafunk_temple_overflow_arena,
          erik_lair_island, grunt_ogre_cave, xom_teletrap_fun,
          uniq_prince_ribbit1, uniq_psyche
D:9:      lemuel_doored_altar, lemuel_coloured_pillars_altar
Temple:   nicolae_temple_hex_pool
Sewer:    sewer_big_baddie

Skill      XL: |  1  2  3  4  5  6  7  8  9 10 |
---------------+-------------------------------+-----
Unarmed Combat | 4 5 7 8 9 10 11 | 11.6
Fighting       | 3 4 5 6 7 |  7.2
Shields        | 3 5 6 |  6.8
Dodging        | |  2.4
Stealth        | |  1.0

Action                   |  1- 3 |  4- 6 |  7- 9 | 10-12 || total
-------------------------+-------+-------+-------+-------++-------
Melee: Unarmed           |    87 |   127 |   316 |   133 ||   663
       Punch             |       |     2 |     3 |       ||     5
Invok: Heroism           |       |       |     4 |     1 ||     5
  Use: Potion            |       |     2 |       |     6 ||     8
       Scroll            |       |     1 |     1 |     7 ||     9
 Stab: Sleeping          |     2 |     4 |     4 |     1 ||    11
  Eat: Chunk             |    13 |    12 |    38 |    18 ||    81
Armor: Robe              |    28 |    46 |    45 |       ||   119
       Troll leather arm |       |       |    33 |    23 ||    56
Dodge: Dodged            |    50 |    82 |   111 |    49 ||   292
Block: Shield            |       |       |    83 |    58 ||   141

Table legend:
 A = Spawn XP
 B = Non-spawn XP
 C = Spawn XP percentage of total XP
 D = Spawn monster count
 E = Non-spawn monster count
 F = Spawn count percentage of total count
 G = Total turns spent on level
                    A         B        C        D         E        F      G
               +---------+---------+-------+---------+---------+-------+---------
         Total |       0 |    8980 |   0.0 |       0 |     211 |   0.0 |  6668
               +---------+---------+-------+---------+---------+-------+---------
           D:1 |       0 |      41 |   0.0 |       0 |      21 |   0.0 |   553
           D:2 |       0 |      57 |   0.0 |       0 |      13 |   0.0 |   316
           D:3 |       0 |     340 |   0.0 |       0 |      31 |   0.0 |   838
           D:4 |       0 |     933 |   0.0 |       0 |      24 |   0.0 |  1136
           D:5 |       0 |     662 |   0.0 |       0 |      26 |   0.0 |   830
           D:6 |       0 |     635 |   0.0 |       0 |      19 |   0.0 |   833
           D:7 |       0 |    2991 |   0.0 |       0 |      30 |   0.0 |   928
           D:8 |       0 |    2488 |   0.0 |       0 |      30 |   0.0 |   831
           D:9 |       0 |     691 |   0.0 |       0 |      11 |   0.0 |   175
         Sewer |       0 |     142 |   0.0 |       0 |       6 |   0.0 |   109
               +---------+---------+-------+---------+---------+-------+---------
